 Dungeon Crawl Stone Soup version 0.16.2 (webtiles) character file.

2578 RepoMan the Firebug (level 9, -2/59 HPs)
             Began as a Mummy Fire Elementalist on Aug 12, 2015.
             Was a Follower of Ashenzari.
             Slain by a wolf (7 damage)
             ... led by Grum
             ... on level 8 of the Dungeon.
             The game lasted 01:03:13 (8663 turns).

RepoMan the Firebug (Mummy Fire Elementalist)       Turns: 8663, Time: 01:03:15

Health: -2/59      AC:  8    Str: 11    XL:     9   Next: 32%
Magic:  5/22       EV: 12    Int: 17    God:    Ashenzari [*.....]
Gold:   402        SH:  0    Dex: 12    Spells: 6 memorised, 1 level left

rFire  . . .     SeeInvis .     x - +3 whip (freeze)
rCold  . . .     Clarity  .     t - +1 robe {MR+}
rNeg   + + +     SustAb   .     (no shield)
rPois  ∞         Gourm    .     (no helmet)
rElec  .         Spirit   .     o - +0 cloak
rCorr  .         Warding  .     D - +0 pair of gloves
rMut   .         Stasis   .     i - +2 pair of boots
MR     ++...                    (no amulet)
Stlth  ++........               f - ring of fire (curse)
                                l - ring of wizardry (curse)

@: very resistant to hostile enchantments, unstealthy
A: no food or potions, fire vulnerability, restore body, cold resistance 1,
negative energy resistance 3, poison resistance, torment resistance, unbreathing
a: Renounce Religion


You were on level 8 of the Dungeon.
You worshipped Ashenzari.
Ashenzari was aware of your devotion.
You were not hungry.

You visited 1 branch of the dungeon, and saw 8 of its levels.

You collected 402 gold pieces.

Inventory:

Hand weapons
 d - a +1 dagger of draining
 x - a +3 whip of freezing (weapon)
Missiles
 k - 14 poisoned needles
Armour
 i - a +2 pair of boots (worn)
 o - a +0 cloak (worn)
 t - a +1 robe of magic resistance (worn)
 D - a +0 pair of gloves (worn)
Jewellery
 f - a cursed ring of fire (right hand)
 g - an uncursed amulet of resist mutation
 l - a cursed ring of wizardry (left hand)
Magical devices
 a - a wand of enslavement (9)
 j - a wand of digging (10)
 p - a wand of invisibility (0)
 q - a wand of magic darts (29)
 r - a wand of polymorph (0)
 w - a wand of slowing (40)
 y - a wand of hasting (1)
 z - a wand of flame (11)
 A - a wand of teleportation (3)
 E - a wand of magic darts (21)
Scrolls
 c - 7 scrolls of identify {unknown}
 e - 4 scrolls of amnesia {unknown}
 h - 5 scrolls of noise {unknown}
 m - a scroll of blinking {unknown}
 n - a scroll of immolation {unknown}
 s - 2 scrolls of magic mapping {unknown}
 u - a scroll of teleportation {unknown}
 v - a scroll of enchant weapon {unknown}
 B - a scroll of curse weapon
 C - a scroll of remove curse
Books
 b - a book of Flames

   Spells                             Type                      Level
   a - Flame Tongue                   Conjuration/Fire             1
   b - Throw Flame                    Conjuration/Fire             2
   c - Conjure Flame                  Conjuration/Fire             3
   d - Inner Flame                    Hexes/Fire                   3
   e - Sticky Flame                   Conjuration/Fire             4
   f - Fireball                       Conjuration/Fire             5


   Skills:
 + Level 1.4 Fighting
 + Level 2.1 Dodging
 - Level 1.5 Stealth
 + Level 5.9 Spellcasting
 + Level 5.2 Conjurations
 * Level 7.8 Fire Magic


You had one spell level left.
You knew the following spells:

 Your Spells              Type           Power        Failure   Level  Hunger
a - Flame Tongue          Conj/Fire      #####        1%          1    N/A
b - Throw Flame           Conj/Fire      #####.       1%          2    N/A
c - Conjure Flame         Conj/Fire      #####...     1%          3    N/A
d - Sticky Flame          Conj/Fire      #####...     4%          4    N/A
e - Fireball              Conj/Fire      #####.....   10%         5    N/A
i - Inner Flame           Hex/Fire       ####....     4%          3    N/A

Dungeon Overview and Level Annotations

Branches:
Dungeon (8/15)             Temple (0/1) D:6
   Lair: D:8-11

Altars:
Ashenzari
Dithmenos
Kikubaaqudgha
Okawaru
Ru
Yredelemnul

Annotations:
D:6 Everild's ghost, experienced MiFi
D:7 exclusion: door
D:8 Erolcha; Grum


Innate Abilities, Weirdness & Mutations

You do not eat or drink.
Your flesh is vulnerable to fire.
Your flesh is cold resistant.
You are immune to negative energy.
Your system is resistant to poisons.
You are immune to unholy pain and torment.
You can survive without breathing.


Message History

Grum hits you from afar with a spear! The wolf bites you!
* * * LOW HITPOINT WARNING * * *
The wolf burns!
The wolf bites you.
* * * LOW HITPOINT WARNING * * *
The wolf burns!
The wolf bites you but does no damage.
The wolf burns!
Read which item? (? for menu, Esc to quit)
Okay, then.
Evoke which item? (* to show all) (? for menu, Esc to quit)
Zapping:
a - a wand of enslavement (will waste charges)
Press: ? - help, Shift-Dir - straight line, f/p - wolf
Aim: a wolf (severely wounded, covered in liquid flames, chance 46%)
The wolf resists with some effort.
Evoking this partially-identified wand wasted a few charges.
The wolf burns!
The wolf stops burning.
The wolf barely misses you.
Grum grunts, "You will fight me?
This will be... rough!"
Grum hits you from afar with a spear.
* * * LOW HITPOINT WARNING * * *
The wolf bites you!
You die...

#..# #.##
##.## #..##
#..# #...###
##.#
##......
##.#
##...####
##.^#
##....#
##..##
#.....##
##..##
#..##..##
##.@## #..
###.##
##.h## #.#
##.# #..g# #
##. #...# ##
##...######
#
#.†.........
#
#..).......
#§§.##......
....##
##....


You could see Grum and a wolf.

Vanquished Creatures
  A hippogriff (D:7)
  A human (D:7)
  2 wolves (D:8)
  A yak (D:7)
  2 orc warriors
  A sky beast (D:7)
  A phantom (D:6)
  Blork the orc (D:5)
  A giant frog (D:5)
  2 jellies (D:7)
  2 scorpions (D:4)
  6 killer bees (D:7)
  A hound (D:4)
  2 crimson imps (D:7)
  5 orc priests
  2 giant frog skeletons
  8 worker ants
  2 orc wizards
  3 sheep (D:7)
  9 adders
  3 gnolls (D:3)
  6 giant mites
  A worm (D:3)
  A shadow imp (D:7)
  A white imp (D:5)
  9 giant geckos
  An ooze (D:1)
  32 orcs
  11 bats
  18 goblins
  18 hobgoblins
  7 jackals
  6 quokkas
  4 giant cockroaches
  4 giant newts
  A jackal skeleton (D:7)
  12 kobolds
  11 rats
199 creatures vanquished.

Notes
Turn   | Place    | Note
--------------------------------------------------------------
     0 | D:1      | RepoMan, the Mummy Fire Elementalist, began the quest for the Orb.
     0 | D:1      | Reached XP level 1. HP: 13/13 MP: 3/3
   176 | D:1      | Reached skill level 1 in Conjurations
   249 | D:1      | Reached XP level 2. HP: 4/19 MP: 1/4
   524 | D:1      | Learned a level 2 spell: Throw Flame
  1071 | D:1      | Reached XP level 3. HP: 24/24 MP: 4/6
  1135 | D:1      | Learned a level 3 spell: Conjure Flame
  1487 | D:2      | Reached skill level 3 in Fire Magic
  1833 | D:2      | Reached XP level 4. HP: 30/30 MP: 2/8
  2500 | D:3      | Reached XP level 5. HP: 17/35 MP: 0/11
  2627 | D:3      | Learned a level 3 spell: Inner Flame
  3160 | D:4      | Found a shadowy altar of Dithmenos.
  3166 | D:4      | Reached skill level 4 in Fire Magic
  3410 | D:4      | Reached XP level 6. HP: 32/41 MP: 5/13
  3936 | D:4      | Got a distressingly furry ring mail
  4639 | D:4      | Identified the +5 ring mail "Priceth" {MP-9 Str+3 Dex+3} (You found it on level 4 of the Dungeon)
  4713 | D:5      | Entered Level 5 of the Dungeon
  4893 | D:5      | Reached XP level 7. HP: 46/46 MP: 10/15
  4917 | D:5      | Reached skill level 5 in Fire Magic
  4925 | D:5      | Learned a level 4 spell: Sticky Flame
  5036 | D:5      | Noticed Blork the orc
  5047 | D:5      | Killed Blork the orc
  5850 | D:5      | Found a shadowy altar of Dithmenos.
  5850 | D:5      | Found an iron altar of Okawaru.
  5854 | D:5      | Found a basalt altar of Yredelemnul.
  5855 | D:5      | Found a sacrificial altar of Ru.
  5859 | D:5      | Found a shattered altar of Ashenzari.
  5859 | D:5      | Found an ancient bone altar of Kikubaaqudgha.
  5868 | D:5      | Became a worshipper of Ashenzari the Shackled
  6271 | D:6      | Found a staircase to the Ecumenical Temple.
  6552 | D:6      | Reached XP level 8. HP: 40/52 MP: 6/18
  6768 | D:6      | Reached skill level 6 in Fire Magic
  6874 | D:6      | Noticed Everild's ghost (experienced MiFi)
  7192 | D:7      | Reached skill level 5 in Spellcasting
  7349 | D:7      | Reached skill level 7 in Fire Magic
  7852 | D:7      | Reached XP level 9. HP: 57/57 MP: 17/22
  7877 | D:7      | Learned a level 5 spell: Fireball
  8204 | D:7      | Reached skill level 5 in Conjurations
  8323 | D:7      | Reached skill level 1 in Fighting
  8600 | D:8      | Noticed Erolcha
  8650 | D:8      | Noticed Grum
  8663 | D:8      | Slain by a wolf

Action                   |  1- 3 |  4- 6 |  7- 9 || total
-------------------------+-------+-------+-------++-------
Melee: Unarmed           |     7 |     2 |       ||     9
       Dagger            |       |     9 |     8 ||    17
       Whip              |       |       |    24 ||    24
 Cast: Flame Tongue      |    77 |   111 |   171 ||   359
       Inner Flame       |       |     2 |    14 ||    16
       Throw Flame       |       |     4 |     5 ||     9
       Conjure Flame     |       |     2 |    18 ||    20
       Sticky Flame      |       |       |    13 ||    13
Evoke: Wand              |       |     2 |     5 ||     7
  Use: Scroll            |       |       |     2 ||     2
